 Dungeon Crawl Stone Soup version 0.31-a0-162-gc4c5a43528 (webtiles) character file.

Game seed: 1268412073016912260

659 qw the Shooter (level 7, -1/66 HPs)
             Began as a Naga Hunter on June 12, 2023.
             Killed from afar by Dowan (28 damage)
             ... with a shard of ice
             ... on level 4 of the Dungeon.
             The game lasted 00:01:28 (3155 turns).

qw the Shooter (Naga Hunter)                        Turns: 3155, Time: 00:01:28

Health: -1/66      AC:  4    Str: 14    XL:     7   Next: 55%
Magic:  0/7        EV:  9    Int:  9    God:
Gold:   132        SH:  0    Dex: 16    Spells: 6/6 levels left

rFire   . . .        i - +4 arbalest (heavy)
rCold   . . .        (shield currently unavailable)
rNeg    . . .        c - +0 leather armour
rPois   +            a - +0 helmet
rElec   .            (no cloak)
rCorr   +            (no gloves)
SInv    +            (no barding)
Will    .....        f - amulet of guardian spirit
Stlth   ++           j - ring of resist corrosion
HPRegen 0.31/turn    (no ring)
MPRegen 0.10/turn

%: guardian spirit
@: short of breath, very slow
A: AC +2, large, see invisible, deformed body, poison resistance, slowness 2,
spit poison 1, naga tail 1
a: Spit Poison


You were on level 4 of the Dungeon.
You visited 1 branch of the dungeon, and saw 4 of its levels.
You also visited: Sewer.

You collected 274 gold pieces.
You spent 142 gold pieces at shops.


Innate Abilities, Weirdness & Mutations

Your serpentine skin is tough. (AC +2)
You have supernaturally acute eyesight. (SInv)
Armour fits poorly on your strangely shaped body.
Your system is resistant to poisons. (rPois)
You cover ground very slowly.
You can spit poison.
You have a snake-like lower body.


   Skills:
 - Level 4.5 Fighting
 - Level 7.2 Ranged Weapons
 + Level 1.5 Dodging
 - Level 1.5 Stealth


You had 6 spell levels left.
You didn't know any spells.
Your spell library was empty.

Inventory:

Hand Weapons
 i - a +4 heavy arbalest (weapon)
Armour
 a - a +0 helmet (worn)
 c - a +0 leather armour (worn)
 m - the +3 leather armour of Dishonour {Dex+2}
   (You found it on level 4 of the Dungeon)

   Dex:       It affects your dexterity (+2).
Jewellery
 f - an amulet of guardian spirit (around neck)
 j - a ring of resist corrosion (left hand)
Scrolls
 l - a scroll of teleportation
Potions
 b - a potion of magic {unknown}
 d - a potion of attraction {unknown}
 e - 2 potions of curing {unknown}
 g - a potion of berserk rage {unknown}
 h - a potion of haste
 k - a potion of mutation {unknown}

Dungeon Overview and Level Annotations

Branches:
Dungeon (4/15)              Sewer (visited)
 Temple: D:4-7

Altars:
Dithmenos
Qazlal
Trog
Uskayaw
Vehumet
Yredelemnul
Zin

Shops:
D:2 :(=   D:3 (

Annotations:
D:4 4 runed translucent doors, Dowan, Robin


Message History

You shoot a bolt.
Dowan shouts!
The bolt hits Duvessa!!!
You kill Duvessa!
Dowan seems overcome with grief.
Dowan seems to find hidden reserves of power!
Dowan mumbles some strange words.
Dowan blinks!
Dowan hits you but does no damage. The adder bites you.
Dowan barely misses you. The adder bites you but does no damage.
Your Ranged Weapons skill increases to level 7!
You shoot a bolt. The bolt closely misses Dowan.
Dowan hits you with a +0 dagger. The adder completely misses you.
Dowan hits you with a +0 dagger. The adder closely misses you.
Dowan hits you with a +0 dagger. The adder misses you.
You shoot a bolt. The bolt hits Dowan.
Dowan is lightly wounded.
You have got your breath back.
Dowan barely misses you. x2; The adder bites you but does no damage.
Dowan barely misses you. The adder barely misses you.
Dowan hits you with a +0 dagger. The adder bites you.
3153 ||| INVOKING Spit Poison.
Aiming: Spit Poison (1% risk of failure)
Press: ? - help, Shift-Dir - straight line, f/p - Dowan The splash of poison hits Dowan but does no damage.
Dowan is poisoned.
Dowan is lightly wounded.
Dowan hits you with a +0 dagger. The adder barely misses you.
You shoot a bolt. The bolt misses Dowan.
Dowan hits you with a +0 dagger. The adder closely misses you.
Dowan hits you with a +0 dagger. The adder closely misses you.
Dowan hits you with a +0 dagger. The adder closely misses you.
Dowan casts a spell.
Dowan blinks!
You shoot a bolt. The bolt misses Dowan.
Dowan looks more healthy.
Dowan gestures at you while chanting. The stone arrow hits you!
The adder bites you. Dowan gestures at you while chanting.
The shard of ice hits you!!
You die...

..######....##>...#....}.._.#
.##8[Y8##.......#.#.........#
.#8....8#..###..#.##._......#
.+......+.## #..#.##..._....#####
.+......+.# #....###............
.#8....8#..###+#..###..###.......
.##8/)8##.............####.......
..##### ........e.#######...####.
#'# ##....@...........+..## #.###
##..S¤#######....+..#. )##)#
#....# #.#.###'#. ##..# #..).#
#.#.).).## ..### #..###
#.#.#...'. %##.# #.' #.#.#####.
...#### #.. ..#.. #. ####..###
... #.#.. +. ......... ..#.. ##


You could see Dowan (fast) and an adder.

Vanquished Creatures
  A water moccasin (Sewer)
  Duvessa (D:4)
  A scorpion (D:4)
  A jelly (D:4)
  A hound (D:4)
  Natasha (twice) (D:2)
  6 gnolls
  9 adders
  A river rat (D:4)
  4 worms
  2 dart slugs
  4 orcs
  5 bats
  15 endoplasms
  7 giant cockroaches
  12 goblins
  7 hobgoblins
  5 jackals
  9 kobolds
  2 quokkas
  9 ball pythons
  3 frilled lizards
  8 rats
115 creatures vanquished.

Notes
Turn   | Place    | Note
-------+----------+-------------------------------------------
     0 | D:1      | qw the Naga Hunter began the quest for the Orb.
     0 | D:1      | Reached XP level 1. HP: 19/19 MP: 1/1
     0 | D:1      | 0 ||| qw: Version: 0.2-a-29-gc1b59c4
     0 | D:1      | 0 ||| qw: Game counter: 4400
     0 | D:1      | 0 ||| qw: Always use a shield: true
     0 | D:1      | 0 ||| qw: God list: Okawaru
     0 | D:1      | 0 ||| qw: Allow faded altars: false
     0 | D:1      | 0 ||| qw: Do Orc after D:15 true
     0 | D:1      | 0 ||| qw: Do second Lair branch before Depths: true
     0 | D:1      | 0 ||| qw: Lair rune preference: random
     0 | D:1      | 0 ||| qw: Plans: Normal
     0 | D:1      | 0 ||| PLANNING D:1-11
     2 | D:1      | 2 ||| DROPPING scroll of butterflies.
    28 | D:1      | 28 ||| INVOKING Spit Poison.
    85 | D:1      | Found a faded altar of an unknown god.
    97 | D:1      | 97 ||| INVOKING Spit Poison.
   100 | D:1      | 100 ||| INVOKING Spit Poison.
   103 | D:1      | Reached skill level 4 in Ranged Weapons
   103 | D:1      | Reached XP level 2. HP: 11/26 MP: 2/2
   181 | D:1      | 181 ||| INVOKING Spit Poison.
   193 | D:1      | 193 ||| INVOKING Spit Poison.
   216 | D:1      | 216 ||| INVOKING Spit Poison.
   252 | D:1      | 252 ||| INVOKING Spit Poison.
   255 | D:1      | 255 ||| INVOKING Spit Poison.
   267 | D:1      | 267 ||| INVOKING Spit Poison.
   293 | D:1      | 293 ||| INVOKING Spit Poison.
   304 | D:1      | 304 ||| READING scroll labelled GEIR GAUDUD.
   345 | D:1      | 345 ||| INVOKING Spit Poison.
   351 | D:1      | 351 ||| INVOKING Spit Poison.
   356 | D:1      | Reached XP level 3. HP: 24/32 MP: 3/3
   572 | D:1      | 572 ||| READING 2 scrolls labelled ZOEFUT IRPHUYWK.
   573 | D:1      | 573 ||| READING scroll labelled HUHOCR DEOCZO.
   574 | D:1      | 574 ||| DROPPING scroll of fear.
   603 | D:2      | Found Tilumux's Weapon Emporium.
   612 | D:2      | 612 ||| SHOPLISTING +0 orcbow (42 gold, have 37).
   612 | D:2      | 612 ||| SHOPLISTING +5 shortbow of draining (388 gold, have
                  | 37).
   615 | D:2      | 615 ||| INVOKING Spit Poison.
   623 | D:2      | 623 ||| INVOKING Spit Poison.
   627 | D:2      | 627 ||| INVOKING Spit Poison.
   691 | D:2      | 691 ||| INVOKING Spit Poison.
   697 | D:2      | 697 ||| INVOKING Spit Poison.
   700 | D:2      | Reached skill level 5 in Ranged Weapons
   700 | D:2      | Reached XP level 4. HP: 27/39 MP: 4/4
   857 | D:2      | 857 ||| INVOKING Spit Poison.
   869 | D:2      | 869 ||| INVOKING Spit Poison.
   875 | D:2      | 875 ||| INVOKING Spit Poison.
   881 | D:2      | 881 ||| INVOKING Spit Poison.
   906 | D:2      | 906 ||| INVOKING Spit Poison.
   911 | D:2      | 911 ||| INVOKING Spit Poison.
   914 | D:2      | 914 ||| INVOKING Spit Poison.
   951 | D:2      | 951 ||| Stepping ~*~*~tactically~*~*~ (outnumbered).
   953 | D:2      | 953 ||| INVOKING Spit Poison.
   957 | D:2      | Reached skill level 3 in Fighting
   959 | D:2      | 959 ||| INVOKING Spit Poison.
   962 | D:2      | 962 ||| INVOKING Spit Poison.
   966 | D:2      | 966 ||| INVOKING Spit Poison.
   968 | D:2      | Reached XP level 5. HP: 17/49 MP: 5/5
   969 | D:2      | HP: 11/49 [gnoll/+0 whip (4)]
   989 | D:2      | 989 ||| INVOKING Spit Poison.
   994 | D:2      | 994 ||| INVOKING Spit Poison.
   999 | D:2      | 999 ||| INVOKING Spit Poison.
  1002 | D:2      | 1002 ||| INVOKING Spit Poison.
  1108 | D:2      | 1108 ||| INVOKING Spit Poison.
  1123 | D:2      | Found a glowing silver altar of Zin.
  1216 | D:2      | 1216 ||| INVOKING Spit Poison.
  1221 | D:2      | 1221 ||| INVOKING Spit Poison.
  1270 | D:2      | 1270 ||| INVOKING Spit Poison.
  1307 | D:2      | Found Caeb's Book Emporium.
  1392 | D:2      | Found Ipou's Jewellery Emporium.
  1399 | D:2      | 1399 ||| INVOKING Spit Poison.
  1408 | D:2      | 1408 ||| SHOPLISTING +4 ring of protection (432 gold, have
                  | 155).
  1408 | D:2      | 1408 ||| SHOPLISTING +4 ring of slaying (936 gold, have
                  | 155).
  1408 | D:2      | 1408 ||| SHOPLISTING +5 ring of evasion (432 gold, have
                  | 155).
  1408 | D:2      | 1408 ||| SHOPLISTING amulet "Mosac" {Acrobat Will+ Int+2
                  | Dex+4} (662 gold, have 155).
  1408 | D:2      | 1408 ||| SHOPLISTING amulet of reflection (360 gold, have
                  | 155).
  1408 | D:2      | 1408 ||| SHOPLISTING amulet of regeneration (360 gold, have
                  | 155).
  1423 | D:2      | Noticed Natasha
  1425 | D:2      | 1425 ||| INVOKING Spit Poison.
  1429 | D:2      | 1429 ||| INVOKING Spit Poison.
  1432 | D:2      | Killed Natasha
  1526 | D:2      | Noticed Natasha
  1530 | D:2      | 1530 ||| INVOKING Spit Poison.
  1532 | D:2      | Killed Natasha
  1611 | D:2      | 1611 ||| UPGRADING to +0 helmet.
  1616 | D:2      | 1616 ||| READING scroll labelled YVVOUT BUGY UTOC.
  1617 | D:2      | 1617 ||| READING scroll labelled QOESES XUSUMNU.
  1715 | D:3      | 1715 ||| INVOKING Spit Poison.
  1761 | D:3      | 1761 ||| INVOKING Spit Poison.
  1763 | D:3      | Reached skill level 6 in Ranged Weapons
  1768 | D:3      | 1768 ||| INVOKING Spit Poison.
  1853 | D:3      | 1853 ||| INVOKING Spit Poison.
  1854 | D:3      | Reached XP level 6. HP: 56/56 MP: 6/6
  1859 | D:3      | 1859 ||| INVOKING Spit Poison.
  1866 | D:3      | 1866 ||| INVOKING Spit Poison.
  1870 | D:3      | 1870 ||| INVOKING Spit Poison.
  1877 | D:3      | 1877 ||| READING scroll labelled GUYSOG QUDAJ.
  1921 | D:3      | 1921 ||| INVOKING Spit Poison.
  1925 | D:3      | 1925 ||| INVOKING Spit Poison.
  1937 | D:3      | 1937 ||| INVOKING Spit Poison.
  1975 | D:3      | 1975 ||| INVOKING Spit Poison.
  1980 | D:3      | 1980 ||| INVOKING Spit Poison.
  2033 | D:3      | 2033 ||| INVOKING Spit Poison.
  2036 | D:3      | 2036 ||| INVOKING Spit Poison.
  2101 | D:3      | Found Ucheoffe's Antique Weapon Shop.
  2108 | D:3      | 2108 ||| BUYING runed arbalest (142 gold).
  2108 | D:3      | Bought a runed arbalest for 142 gold pieces
  2108 | D:3      | 2108 ||| SWAPPING to +4 heavy arbalest.
  2109 | D:3      | 2109 ||| DROPPING +1 shortbow.
  2161 | D:3      | 2161 ||| INVOKING Spit Poison.
  2251 | D:3      | 2251 ||| INVOKING Spit Poison.
  2295 | D:3      | 2295 ||| INVOKING Spit Poison.
  2340 | D:3      | 2340 ||| UPGRADING to amulet of guardian spirit.
  2345 | D:3      | 2345 ||| UPGRADING to ring of resist corrosion.
  2346 | D:3      | 2346 ||| READING scroll labelled AHODED SOLA.
  2347 | D:3      | 2347 ||| DRINKING 2 coppery potions.
  2376 | D:4      | 2376 ||| PLANNING SEWER
  2379 | D:4      | 2379 ||| INVOKING Spit Poison.
  2391 | D:4      | Found a glowing drain.
  2408 | D:4      | 2408 ||| INVOKING Spit Poison.
  2412 | D:4      | 2412 ||| INVOKING Spit Poison.
  2415 | D:4      | 2415 ||| INVOKING Spit Poison.
  2435 | Sewer    | Entered a sewer
  2462 | Sewer    | Noticed a water moccasin
  2465 | Sewer    | Killed a water moccasin
  2552 | D:4      | 2552 ||| PLANNING D:1-11
  2609 | D:4      | Found a large runed translucent door.
  2609 | D:4      | Found a large runed translucent door.
  2614 | D:4      | 2614 ||| INVOKING Spit Poison.
  2620 | D:4      | 2620 ||| INVOKING Spit Poison.
  2627 | D:4      | 2627 ||| INVOKING Spit Poison.
  2631 | D:4      | 2631 ||| INVOKING Spit Poison.
  2633 | D:4      | 2633 ||| INVOKING Spit Poison.
  2637 | D:4      | Reached XP level 7. HP: 59/66 MP: 7/7
  2694 | D:4      | Found a large runed translucent door.
  2694 | D:4      | Found a large runed translucent door.
  2714 | D:4      | Found a hide-covered altar of Uskayaw.
  2715 | D:4      | Found a basalt altar of Yredelemnul.
  2717 | D:4      | 2717 ||| INVOKING Spit Poison.
  2718 | D:4      | Found a radiant altar of Vehumet.
  2718 | D:4      | Found a shadowy altar of Dithmenos.
  2719 | D:4      | Found a bloodstained altar of Trog.
  2737 | D:4      | 2737 ||| INVOKING Spit Poison.
  2751 | D:4      | 2751 ||| INVOKING Spit Poison.
  2761 | D:4      | 2761 ||| INVOKING Spit Poison.
  2785 | D:4      | Identified the +3 leather armour of Dishonour {Dex+2}
  2796 | D:4      | 2796 ||| INVOKING Spit Poison.
  2854 | D:4      | 2854 ||| INVOKING Spit Poison.
  2872 | D:4      | Found a stormy altar of Qazlal.
  2892 | D:4      | Noticed Eustachio
  2893 | D:4      | 2893 ||| INVOKING Spit Poison.
  2911 | D:4      | 2911 ||| INVOKING Spit Poison.
  2911 | D:4      | Noticed Robin
  2914 | D:4      | 2914 ||| Stepping ~*~*~tactically~*~*~ (outnumbered).
  2915 | D:4      | 2915 ||| INVOKING Spit Poison.
  2918 | D:4      | 2918 ||| INVOKING Spit Poison.
  2921 | D:4      | 2921 ||| INVOKING Spit Poison.
  2925 | D:4      | 2925 ||| INVOKING Spit Poison.
  2927 | D:4      | 2927 ||| INVOKING Spit Poison.
  2928 | D:4      | HP: 14/66 [goblin/+0 dagger[Robin] (5)]
  2929 | D:4      | 2929 ||| READING 2 scrolls of teleportation.
  2930 | D:4      | 2930 ||| INVOKING Spit Poison.
  2930 | D:4      | HP: 6/66 [goblin/+0 dagger[Robin] (4)]
  2930 | D:4      | HP: 2/66 [Robin/+0 spear (4)]
  3147 | D:4      | Noticed Duvessa
  3148 | D:4      | Noticed Dowan
  3149 | D:4      | 3149 ||| INVOKING Spit Poison.
  3150 | D:4      | Killed Duvessa
  3151 | D:4      | Reached skill level 7 in Ranged Weapons
  3153 | D:4      | 3153 ||| INVOKING Spit Poison.
  3155 | D:4      | Killed from afar by Dowan

Levels and vault maps discovered:
D:1:      scummos_arrival_star, layout_rooms, ebering_ecumenical_altar_hall,
          kennysheep_boxes
D:2:      layout_loops_ring, basic_altar, serial_shops, shop, shop, shop,
          minmay_circle_x, uniq_natasha
D:3:      layout_loops_ring, serial_shops, shop, minmay_checkerbox
D:4:      corexii_shantytown, layout_basic, grunt_temple_overflow_open,
          grunt_qazlal_sundering, serial_shops, nicolae_shop_behind_doors,
          portal_sewer_entry_c, chequers_serial_rivers_room_a,
          minmay_hollow_rounded_squares, uniq_robin, uniq_eustachio,
          uniq_duvessa

Skill      XL: |  1  2  3  4  5  6  7 |
---------------+----------------------+-----
Ranged Weapons | 4 5 6 7 |  7.2
Fighting       | 3 4 |  4.5
Dodging        | |  1.5
Stealth        | |  1.5

Action                     |  1- 3 |  4- 6 |  7- 9 || total
---------------------------+-------+-------+-------++-------
   Fire: Shortbow          |    50 |   108 |       ||   158
         Arbalest          |       |    25 |    31 ||    56
Ability: Spit Poison       |    17 |    49 |    16 ||    82
    Use: Scroll            |     3 |     4 |     1 ||     8
         Potion            |       |     1 |       ||     1
 Armour: Leather armour    |     1 |    19 |    21 ||    41
  Dodge: Dodged            |     8 |    47 |    40 ||    95

Table legend:
 A = Non-vault XP
 B = Vault XP
 C = Vault XP percentage of total XP
 D = Non-vault monster count
 E = Vault monster count
 F = Vault count percentage of total count
                 A         B        C        D         E       F
            +---------+---------+-------+---------+---------+-------
      Total |     457 |     485 |  51.5 |      79 |      36 |  31.3
            +---------+---------+-------+---------+---------+-------
        D:1 |      46 |       0 |   0.0 |      19 |       0 |   0.0
        D:2 |     212 |      39 |  15.5 |      29 |       4 |  12.1
        D:3 |      44 |      13 |  22.8 |      19 |       4 |  17.4
        D:4 |     155 |     286 |  64.9 |      12 |      27 |  69.2
      Sewer |       0 |     147 | 100.0 |       0 |       1 | 100.0
            +---------+---------+-------+---------+---------+-------
